 Dungeon Crawl Stone Soup version 0.17.1-2-g5865329 (webtiles) character file.

53 Mysteryquy the Gusty (level 3, -5/21 HPs)
             Began as a High Elf Air Elementalist on Jan 11, 2016.
             Slain by a worm (9 damage)
             ... on level 2 of the Dungeon.
             The game lasted 00:03:34 (1323 turns).

Mysteryquy the Gusty (High Elf Air Elementalist)    Turns: 1323, Time: 00:03:34

Health: -5/21      AC:  3    Str:  7    XL:     3   Next: 64%
Magic:  1/8        EV: 12    Int: 20    God:
Gold:   30         SH:  0    Dex: 15    Spells: 1 memorised, 7 levels left

rFire  . . .     SeeInvis .     h - +0 whip
rCold  . . .     Clarity  .     a - +0 robe
rNeg   . . .     SustAt   .     (no shield)
rPois  .         Gourm    .     (no helmet)
rElec  .         Spirit   .     (no cloak)
rCorr  .         Warding  .     m - +0 pair of gloves
rMut   .         Stasis   .     (no boots)
MR     .....                    (no amulet)
Stlth  ++........               (no ring)
                                (no ring)

@: not resistant to hostile enchantments, unstealthy
A: no striking features
a: no special abilities


You were on level 2 of the Dungeon.
You were not hungry.

You visited 1 branch of the dungeon, and saw 2 of its levels.

You collected 30 gold pieces.

Inventory:

Hand Weapons
 h - a +0 whip (weapon)
Armour
 a - a +0 robe (worn)
 m - a +0 pair of gloves (worn)
Jewellery
 s - an uncursed ring of stealth {unknown}
Scrolls
 d - a scroll of identify {unknown}
 e - a scroll of recharging {unknown}
 f - a scroll of fog {unknown}
 g - 2 scrolls of teleportation {unknown}
 k - a scroll of magic mapping {unknown}
 l - a scroll of immolation {unknown}
 o - a scroll of fear {unknown}
Potions
 i - a potion of curing {unknown}
 n - a potion of flight {unknown}
 q - a potion of mutation {unknown}
 r - a potion of ambrosia {unknown}
Books
 b - a book of Air

   Spells                             Type                      Level
   a - Shock                          Conjuration/Air              1
   b - Swiftness                      Charms/Air                   2
   c - Repel Missiles                 Charms/Air                   2
   d - Static Discharge               Conjuration/Air              3
   e - Lightning Bolt                 Conjuration/Air              5
Comestibles
 c - 2 bread rations
 j - 2 meat rations


   Skills:
 + Level 0.4 Maces & Flails
 - Level 2.1 Dodging
 - Level 2.1 Stealth
 + Level 3.3 Spellcasting
 + Level 1.5 Conjurations
 + Level 4.6 Air Magic


You had 7 spell levels left.
You knew the following spells:

 Your Spells              Type           Power        Failure   Level  Hunger
a - Shock                 Conj/Air       ###.         4%          1    None


Dungeon Overview and Level Annotations

Branches:
Dungeon (2/15)

Altars:
Fedhas
Xom


Message History

You don't have enough magic to cast that spell.
You hit the worm.
The worm is heavily wounded.
You barely miss the worm.
The worm is heavily wounded.
The worm barely misses you.
You hit the worm.
The worm is almost dead.
The worm bites you.
* * * LOW HITPOINT WARNING * * *
You hit the worm.
The worm is almost dead.
You barely miss the worm.
The worm is almost dead.
The worm bites you.
* * * LOW HITPOINT WARNING * * *
You barely miss the worm.
The worm is almost dead.
The worm bites you!
You die...

##........# ##.... #.
#...##..#.###..... ###.#
#...##....)....... .....
#........##....... ..(..###
#..>..##..........
.......####...#.####.#......
#.......)........._.......
#.#...†##.<..##..#.#......
##...>....@...####......<..
##.>......w....# ##.#....†.
#...............####.#.#..##
#.................##...#....
#.....................####..
#.............).#.......####
#...............#.......# #
##..†..........###.....## #
##.....#.....## ####..#####


You could see a worm.

Vanquished Creatures
  2 adders (D:2)
  A worm (D:2)
  2 giant geckos
  2 giant cockroaches (D:2)
  4 goblins
  5 hobgoblins
  5 jackals (D:1)
  4 bats (D:1)
  3 giant newts (D:1)
  3 kobolds (D:1)
  A rat (D:1)
32 creatures vanquished.

Notes
Turn   | Place    | Note
--------------------------------------------------------------
     0 | D:1      | Mysteryquy the High Elf Air Elementalist began the quest for the Orb.
     0 | D:1      | Reached XP level 1. HP: 11/11 MP: 4/4
   278 | D:1      | Reached skill level 4 in Air Magic
   278 | D:1      | Reached XP level 2. HP: 17/17 MP: 3/6
   813 | D:2      | Found a shimmering altar of Xom.
   954 | D:2      | Reached XP level 3. HP: 19/21 MP: 1/8
  1102 | D:2      | Found a blossoming altar of Fedhas.
  1323 | D:2      | Slain by a worm

Action                   || total
-------------------------++-------
Melee: Whip              ||    32
 Cast: Shock             ||    82
  Eat: Chunk             ||     1
